 Dungeon Crawl Stone Soup version 0.20-a0-947-g2784f4f (webtiles) character file.

63 lorenzova the Covered (level 3, 0/34 HPs)
             Began as a Deep Dwarf Fighter on Apr 2, 2017.
             Slain by a worm (1 damage)
             ... on level 3 of the Dungeon.
             The game lasted 00:02:16 (1547 turns).

lorenzova the Covered (Deep Dwarf Fighter)          Turns: 1547, Time: 00:02:18

Health: 0/34       AC:  8    Str: 20    XL:     3   Next: 89%
Magic:  3/3        EV:  7    Int:  8    God:
Gold:   53         SH:  9    Dex: 12    Spells: 2/2 levels left

rFire    . . .     SeeInvis .   a - +0 war axe
rCold    . . .     Gourm    .   c - +0 shield
rNeg     . . .     Faith    .   b - +0 scale mail
rPois    .         Spirit   .   (no helmet)
rElec    .         Reflect  .   (no cloak)
rCorr    +         Harm     .   p - +0 pair of gloves
MR       .....                  (no boots)
Stlth    ..........             (no amulet)
Regen    0.0/turn               i - ring of resist corrosion
MPRegen  0.1/turn               (no ring)

@: non-regenerating
A: damage resistance, heal wounds, sense surroundings 1, no regeneration
a: Heal Wounds


You were on level 3 of the Dungeon.
You were not hungry.

You visited 1 branch of the dungeon, and saw 3 of its levels.

You collected 53 gold pieces.

Inventory:

Hand Weapons
 a - a +0 war axe (weapon)
Armour
 b - a +0 scale mail (worn)
 c - a +0 shield (worn)
 p - a +0 pair of gloves (worn)
Jewellery
 i - a ring of resist corrosion (left hand)
Scrolls
 e - a scroll of enchant weapon {unknown}
 h - 2 scrolls of identify {unknown}
 j - 2 scrolls of remove curse
 l - a scroll of teleportation {unknown}
 m - 2 scrolls of enchant armour {unknown}
 n - a scroll of recharging {unknown}
 o - a scroll of amnesia {unknown}
Potions
 d - 2 potions of might
 k - a potion of curing {unknown}
Comestibles
 f - a bread ration
 g - 3 royal jellies


   Skills:
 + Level 3.2 Fighting
 + Level 3.3 Axes
 + Level 4.1 Armour
 - Level 3.2 Shields


You had 2 spell levels left.
You didn't know any spells.

Dungeon Overview and Level Annotations

Branches:
Dungeon (3/15)

Altars:


Innate Abilities, Weirdness & Mutations

You are resistant to damage.
You can heal yourself by infusing magical energy.
You passively map a small area around you.
You do not regenerate.


Message History

You are too injured to fight recklessly!
You are too injured to fight recklessly!
You hit the worm.
The worm is almost dead.
The worm bites you.
You hit the worm but do no damage.
The worm is almost dead.
The worm bites you but does no damage.
You hit the worm.
The worm is almost dead.
The worm bites you!
* * * LOW HITPOINT WARNING * * *
Your shield and scale mail prevent you from hitting the worm.
The worm is almost dead.
The worm bites you!
* * * LOW HITPOINT WARNING * * *
You completely miss the worm.
The worm is almost dead.
The worm bites you.
You die...

, #.#.#.#...#.#..... * *
#.#.#.#.>.#.##....
#####.#.#.#...........
........#.......#...>. *
<.###.#.#######.#...## *
#.#.........#..... ,#.,
#.#.#######.#....#
#...###w#[#.#####.#.....
#..$...@#.#.......#.##.#
#.........#.#####.#....#
#.#########.#.......#..#
, ,......†.......#..# *
####.#.#####.#..# *
#,#.# #.#..# * * *,#.#
#.#... #.# ###.#### * *
#.# #(....†.


You could see a worm.

Vanquished Creatures
  An adder (D:2)
  An ooze (D:2)
  A worm (D:3)
  2 dart slugs (D:1)
  4 orcs (D:3)
  2 ball pythons
  3 bats (D:2)
  A giant cockroach (D:2)
  3 goblins
  A hobgoblin (D:2)
  4 jackals (D:1)
  A quokka (D:3)
  2 frilled lizards
  6 kobolds
  4 rats
36 creatures vanquished.

Notes
Turn   | Place    | Note
-------+----------+-------------------------------------------
     0 | D:1      | lorenzova the Deep Dwarf Fighter began the quest for the Orb.
     0 | D:1      | Reached XP level 1. HP: 20/20 MP: 1/1
   132 | D:1      | Reached XP level 2. HP: 24/27 MP: 2/2
   774 | D:2      | Reached XP level 3. HP: 26/34 MP: 3/3
   803 | D:2      | Reached skill level 4 in Armour
  1546 | D:3      | HP: 1/34 [worm (6)]
  1547 | D:3      | Slain by a worm

Vault maps used:
D:1:      dpeg_arrival_line_fractal
D:3:      minmay_diamond_boxcup, first_bread

Skill      XL: |  1  2  3 |
---------------+----------+-----
Fighting       | 3 |  3.2
Armour         | 4 |  4.1
Axes           | 3 |  3.3
Shields        | |  3.2

Action                   || total
-------------------------++-------
Melee: War axe           ||   120
  Use: Scroll            ||     1
  Eat: Chunk             ||     2
Armor: Scale mail        ||    57
Dodge: Dodged            ||    29
Block: Shield            ||    55
